 Dungeon Crawl Stone Soup version 0.23.2-30-g0e89c35649 (webtiles) character file.

Game seed: 16132232866277801164

303 sankara the Poker (level 6, 0/51 HPs)
             Began as a Minotaur Fighter on June 15, 2019.
             Was an Initiate of Ru.
             Slain by an orc
             ... wielding a +0 flail
              (2 damage)
             ... on level 3 of the Dungeon.
             The game lasted 00:06:38 (1954 turns).

sankara the Poker (Minotaur Fighter)                Turns: 1954, Time: 00:06:39

Health: 0/51       AC:  9    Str: 23    XL:     6   Next: 15%
Magic:  5/5        EV:  6    Int:  5    God:    Ru [......]
Gold:   121        SH: 10    Dex:  9    Spells: 5/5 levels left

rFire    . . .     SeeInvis .   a - +0 trident
rCold    . . .     Gourm    .   c - +0 shield
rNeg     . . .     Faith    .   p - +0 chain mail
rPois    .         Spirit   .   (helmet restricted)
rElec    .         Reflect  .   (no cloak)
rCorr    .         Harm     .   (no gloves)
MR       .....                  (no boots)
Stlth    ..........             (no amulet)
HPRegen  0.17/turn              (no ring)
MPRegen  0.09/turn              (no ring)

@: no status effects
A: retaliatory headbutt, horns 2
a: Renounce Religion


You were on level 3 of the Dungeon.
You worshipped Ru.
Ru was noncommittal.
You were hungry.

You visited 1 branch of the dungeon, and saw 3 of its levels.

You collected 121 gold pieces.

Inventory:

Hand Weapons
 a - a +0 trident (weapon)
 b - a +0 hunting sling
   (You took it off a goblin on level 2 of the Dungeon)
 h - a +0 dagger
   (You took it off a goblin on level 1 of the Dungeon)
Missiles
 i - 106 stones (quivered)
Armour
 c - a +0 shield (worn)
 p - a +0 chain mail (worn)
   (You found it on level 1 of the Dungeon)
Scrolls
 g - 2 scrolls of remove curse {unknown}
 j - a scroll of enchant weapon {unknown}
 k - a scroll of immolation {unknown}
 l - a scroll of fear {unknown}
 r - 4 scrolls of identify {unknown}
 t - a scroll of teleportation {unknown}
 v - a scroll of magic mapping {unknown}
Potions
 d - 4 potions of might
 e - a potion of ambrosia {unknown}
 m - 2 potions of agility {unknown}
 n - 2 potions of curing {unknown}
 o - a potion of haste {unknown}
 q - a potion of cancellation {unknown}
 u - a potion of degeneration {unknown}
Comestibles
 f - 2 rations
 s - 4 chunks of flesh {@w0}


   Skills:
 - Level 3.6 Fighting
 * Level 5.8 Polearms
 + Level 5.1 Armour
 + Level 5.2 Shields


You had 5 spell levels left.
You didn't know any spells.
Your spell library contained the following spells:

 Spells                   Type           Power        Failure   Level  Hunger
 Animate Skeleton         Necr           N/A          100%        1    ##.....
 Apportation              Tloc           #.....       100%        1    ##.....
 Confusing Touch          Hex            #.....       100%        1    ##.....
 Summon Small Mammal      Summ           #...         100%        1    ##.....


Dungeon Overview and Level Annotations

Branches:
Dungeon (3/15)

Altars:
Ashenzari
Ru
Sif Muna


Innate Abilities, Weirdness & Mutations

You reflexively headbutt those who attack you in melee.
You have a pair of horns on your head.


Message History

Press: ? - help, Dir - move target cursor, f/p - bat
Aim: a bat You closely miss the bat.
Your headbutt misses the bat. The bat hits you but does no damage.
Attack whom?
Press: ? - help, Dir - move target cursor, f - you
Okay, then.
You start resting.
The bat is too close now for your liking.
A bat is nearby!
You hit the bat. Your headbutt misses the bat.
The bat is severely wounded.
The bat hits you but does no damage. The bat hits you but does no damage.
The bat hits you but does no damage.
There is a stone staircase leading down here.
You miss the bat.
The bat is heavily wounded.
The bat hits you but does no damage. You block the bat's attack.
You block the bat's attack. You block the bat's attack.
You miss the bat.
The bat is moderately wounded.
You block the bat's attack. You block the bat's attack.
The bat hits you but does no damage.
You puncture the bat!
You kill the bat!
s - 3 chunks of flesh {@w0} (gained 1)
You see here a bat skeleton.
v - a scroll labeled ABEHIX DEKOLI
d - 4 potions of might (gained 1)
s - 4 chunks of flesh {@w0} (gained 1)
You see here an adder skeleton.
You now have 121 gold pieces (gained 16).
Key pressed, stopping explore.
An orc and an orc priest come into view.
The orc priest is wielding a +0 flail of holy wrath.
The orc shouts!
The orc priest shouts!
You hear a shout!
You are too injured to fight recklessly!
You are too injured to fight recklessly!
You are too injured to fight recklessly!
An orc comes into view. It is wielding a -3 war axe.
The orc shouts!
You are too injured to fight recklessly!
You are too injured to fight recklessly!
You are too injured to fight recklessly!
You are too injured to fight recklessly!
You are feeling hungry.
The orc priest casts a cantrip, but nothing happens.
You closely miss the orc priest.
You headbutt the orc priest, but do no damage.
The orc priest hits you with a +0 flail of holy wrath.
You puncture the orc priest! Your headbutt misses the orc priest.
The orc priest is almost dead.
You block the orc's attack.
The orc priest calls down the wrath of Beogh upon you.
Beogh smites you!
You barely miss the orc priest.
The orc priest is almost dead.
You block the orc's attack.
An orc comes into view. It is wielding a +0 flail.
The orc priest mumbles some strange prayers to Beogh against you.
Beogh smites you!
* * * LOW HITPOINT WARNING * * *
The orc shouts!
You puncture the orc priest!
You kill the orc priest!
You hear a shout!
The orc barely misses you. The orc closely misses you. You furiously retaliate!
You headbutt the orc!
You kill the orc!
An orc priest comes into view. It is wielding a +0 whip.
An orc comes into view.
The orc shouts!
The orc hits you but does no damage.
A goblin comes into view.
The orc moves out of view.
Things that are here:
a +0 flail of holy wrath; an orc corpse The goblin shouts!
You puncture the orc!
You kill the orc!
The orc priest begins to cast a cantrip, but forgets the words!
Things that are here:
a +0 hand axe; an orc corpse An orc comes into view.
It is wielding a +0 trident.
Things that are here:
a +0 flail of holy wrath; an orc corpse The orc hits you with a +0 flail.
* * * LOW HITPOINT WARNING * * *
The orc priest mumbles some strange prayers to Beogh against you.
Pain shoots through your body!
* * * LOW HITPOINT WARNING * * *
The orc completely misses you. You furiously retaliate!
You headbutt the orc.
The orc priest begins to cast a cantrip, but forgets the words!
You hit the orc priest. Your headbutt misses the orc priest.
The orc priest is moderately wounded.
The orc hits you with a +0 flail.
You die...

#.....%.. ......
#........ .....
###<.#># .... #......#
... #........# ..
###........... #o
.........(....
#o###..............
#.@................
#..o............... #
#..))...#..........
#..#...)..............
#.......###...........
##..###..............#.
#..........#.....)...#.
#.#####................
#.#####.###............


You could see an orc priest and 2 orcs.

Vanquished Creatures
  Sigmund (D:3)
  An orc priest (D:3)
  6 adders
  3 worms (D:2)
  A dart slug (D:1)
  2 leopard geckos
  2 orcs (D:3)
  4 giant cockroaches
  3 goblins
  6 hobgoblins
  2 quokkas (D:2)
  A ball python (D:2)
  6 bats
  2 frilled lizards
  4 kobolds
  5 rats
49 creatures vanquished.

Notes
Turn   | Place    | Note
-------+----------+-------------------------------------------
     0 | D:1      | sankara the Minotaur Fighter began the quest for the Orb.
     0 | D:1      | Reached XP level 1. HP: 19/19 MP: 0/0
   104 | D:1      | Reached skill level 3 in Polearms
   104 | D:1      | Reached XP level 2. HP: 19/26 MP: 1/1
   718 | D:2      | Reached skill level 4 in Armour
   718 | D:2      | Reached skill level 4 in Shields
   782 | D:2      | Reached XP level 3. HP: 31/31 MP: 2/2
   877 | D:2      | Found a faded altar of an unknown god.
   924 | D:2      | Became a worshipper of Sif Muna the Loreminder
   924 | D:2      | Reached * piety under Sif Muna
  1178 | D:2      | Reached skill level 4 in Polearms
  1311 | D:2      | Found a sacrificial altar of Ru.
  1320 | D:2      | Reached XP level 4. HP: 32/39 MP: 3/3
  1327 | D:2      | Fell from the grace of Sif Muna
  1327 | D:2      | Became a worshipper of Ru the Awakened
  1425 | D:2      | Found a shattered altar of Ashenzari.
  1712 | D:3      | Noticed Sigmund
  1863 | D:3      | Killed Sigmund
  1863 | D:3      | Reached skill level 5 in Polearms
  1863 | D:3      | Reached skill level 5 in Armour
  1863 | D:3      | Reached skill level 5 in Shields
  1863 | D:3      | Reached XP level 5. HP: 24/45 MP: 4/4
  1863 | D:3      | Reached XP level 6. HP: 27/51 MP: 5/5
  1946 | D:3      | HP: 11/51 [orc priest/divine providence (10)]
  1952 | D:3      | HP: 11/51 [orc/+0 flail (2)]
  1952 | D:3      | HP: 2/51 [orc priest/nerve-wracking pain (9)]
  1954 | D:3      | Slain by an orc

Skill      XL: |  1  2  3  4 |
---------------+-------------+-----
Polearms       | 3 4 5 |  5.8
Armour         | 4 5 |  5.1
Shields        | 4 5 |  5.2
Fighting       | |  3.6

Action                   |  1- 3 |  4- 6 || total
-------------------------+-------+-------++-------
Melee: Trident           |    83 |    85 ||   168
       Headbutt          |    12 |     7 ||    19
 Stab: Paralysed         |       |     2 ||     2
  Eat: Chunk             |     1 |     2 ||     3
Armor: Scale mail        |    11 |       ||    11
       Chain mail        |    10 |    41 ||    51
Dodge: Dodged            |     9 |    15 ||    24
Block: Shield            |    21 |    32 ||    53

Levels and vault maps discovered:
D:1:      elethiomel_arrival_shortcut, layout_rooms
D:2:      layout_loops_ring, nicolae_overflow_crystal_walls,
          chequers_ecumenical_altar_simple, nicolae_ru_great_annihilating_truth
D:3:      layout_rooms, gammafunk_temple_overflow_statue, lemuel_crystal_altar,
          uniq_sigmund

Table legend:
 A = Turns spent in this place as a percentage of turns spent in the entire game.
 B = Non-inter-level travel turns spent in this place as a percentage of non-inter-level travel turns spent in the entire game.
 C = Inter-level travel turns spent in this place as a percentage of turns spent in this place.
 D = Turns resting spent in this place as a percentage of non-inter-level travel turns spent in this place.
 E = Turns spent auto-exploring this place as a percentage of non-inter-level travel turns spent in this place.
 F = Non-inter-level travel turns spent in this place divided by the number of levels of this place that you've seen.
                   A       B       C       D       E      F
               +-------+-------+-------+-------+-------+----------------------
         Total | 100.0 | 100.0 |   5.3 |  15.8 |  57.8 | 617.0
       Dungeon | 100.0 | 100.0 |   5.3 |  15.8 |  57.8 | 617.0
               +-------+-------+-------+-------+-------+----------------------

Table legend:
 A = Kills in this place as a percentage of kills in entire the game.
 B = Kills by you in this place as a percentage of kills by you in the entire game.
 C = Kills by friends in this place as a percentage of kills by friends in the entire game.
 D = Other kills in this place as a percentage of other kills in the entire game.
 E = Experience gained in this place as a percentage of experience gained in the entire game.
 F = Experience gained in this place divided by the number of levels of this place that you have seen.
                   A       B       C       D       E      F
               +-------+-------+-------+-------+-------+----------------------
         Total | 100.0 | 100.0 |   N/A |   N/A | 100.0 | 144.7
       Dungeon | 100.0 | 100.0 |   N/A |   N/A | 100.0 | 144.7
               +-------+-------+-------+-------+-------+----------------------
